cohdb
Replays
Latest Replays
All Replays
Popular Replays
Top Player Replays
Match Explorer
How It Works
Community
CoH3 Stats
Reddit
Sign in to upload your games and track your stats! →
Sign in with Steam
Match 40450826
Unlisted
Match 40450826
Overview
Messages
Build Orders
End
Construct Section Command Post
Infantry Section
ML 3-inch Mortar Team
Infantry Section
Selects Canadian Shock Battlegroup
Selects Canadian Shock Battlegroup
Royal Engineer Section
Selects Incendiary Munitions
Construct Platoon Command Post
Selects Offensive Resupply
CMP 15cwt Truck
6-pounder Anti-tank Gun Team
Grenade Package
Unlock Bishop Self-propelled Artillery
6-pounder Anti-tank Gun Team
Selects Pyrotechnics
Infantry Section
Bishop Self-propelled Artillery
Light Vehicle Training
Particycles
MERCENARYCORPS
Huelebragas
Gwangju's Hero Chun Doo-gwang
Hicardo
fmes12
0
0
Comments
sign in to comment!
No comments posted yet!